 Dungeon Crawl Stone Soup version 0.18-a0-1203-gbde16db (console) character file.

333 FIQ the Ruffian (level 6, -1/62 HPs)
             Began as a Troll Monk on Feb 1, 2016.
             Slain by a hobgoblin
             ... wielding a +0 club
              (5 damage)
             ... on level 3 of the Dungeon.
             The game lasted 00:04:41 (2261 turns).

FIQ the Ruffian (Troll Monk)                        Turns: 2261, Time: 00:04:41

Health: -1/62      AC:  5    Str: 20    XL:     6   Next: 27%
Magic:  4/4        EV: 11    Int:  6    God:
Gold:   130        SH:  0    Dex: 14    Spells: 0 memorised, 5 levels left

rFire  . . .     SeeInvis .       - Unarmed
rCold  . . .     Gourm    +     a - +0 robe
rNeg   . . .     Faith    .     (no shield)
rPois  .         Spirit   .     (helmet restricted)
rElec  .         Dismiss  .     (no cloak)
rCorr  .         Reflect  .     (gloves unavailable)
SustAt .         Harm     .     (boots unavailable)
MR     .....     Rnd*Tele +     (no amulet)
Stlth  ++........               (no ring)
                                (no ring)

@: lethally poisoned (-1 -> -4), not resistant to hostile enchantments,
unstealthy
A: unfitting armour, claws 3, fangs 1, fast metabolism 3, gourmand, low mp 1,
regeneration 2, shaggy fur 1, teleportitis 1, tough skin 2
a: no special abilities


You were on level 3 of the Dungeon.
You were completely stuffed.

You visited 1 branch of the dungeon, and saw 3 of its levels.

You collected 130 gold pieces.

Inventory:

Armour
 a - a +0 robe (worn)
Scrolls
 d - 2 scrolls of identify
Comestibles
 b - 2 bread rations
 f - a slice of pizza
 g - 10 chunks of flesh
 h - a meat ration
 i - a royal jelly


   Skills:
 + Level 3.6 Fighting
 + Level 3.4 Dodging
 - Level 1.1 Stealth
 * Level 6.0 Unarmed Combat


You had 5 spell levels left.
You didn't know any spells.

Dungeon Overview and Level Annotations

Branches:
Dungeon (3/15)

Altars:
Dithmenos


Innate Abilities, Weirdness & Mutations

You are too large for most types of armour.
You have claws for hands.
Your metabolism is lightning-fast.
You like to eat raw meat.
You heal very quickly.
You are covered in fur (AC +1).
You have very tough skin (AC +2).
You have very sharp teeth.
Your magical capacity is low (-10% MP).
You are occasionally teleported next to monsters.


Message History

The hobgoblin hits you but does no damage.
Read which item? (? for menu, Esc to quit)
As you read the scroll labeled QAEN ZECWA, it crumbles to dust.
You feel aware of your surroundings.
It was a scroll of magic mapping.
You feel sick. The gnoll hits you with a club!
The hobgoblin hits you with a club. The hobgoblin completely misses you.
The goblin hits you but does no damage. x2
Read which item? (? for menu, Esc to quit)
As you read the scroll labeled OMUPIVVIOT, it crumbles to dust.
It is a scroll of enchant weapon.
You aren't carrying any weapons that can be enchanted.
You feel sick. The gnoll hits you with a club!
The hobgoblin hits you with a club!
* * * LOW HITPOINT WARNING * * *
The hobgoblin hits you.
* * * LOW HITPOINT WARNING * * *
The goblin barely misses you. The goblin hits you but does no damage.
Read which item? (? for menu, Esc to quit)
As you read the scroll labeled ICAGESHAMUO, it crumbles to dust.
The scroll dissolves into smoke.
It was a scroll of fog.
You feel sick. The gnoll hits you with a club.
* * * LOW HITPOINT WARNING * * *
The hobgoblin hits you with a club.
You die...

≈≈≈≈≈≈≈≈≈≈≈≈≈********
≈≈≈≈≈≈≈≈≈≈≈≈≈≈≈≈≈≈≈≈****
≈≈≈≈≈≈≈≈≈≈≈≈≈≈*****≈≈≈≈**
####***########...*≈≈≈≈≈*
...## ##..)...#...*≈≈≈≈≈*
...[###.......#.g.*≈≈≈≈≈**
.....#......).##K#*≈≈≈≈≈≈*
.....#..........K#≈≈≈≈≈≈≈*
.....'...(÷.).gKK#≈≈≈≈≈≈≈*
.....#........ggg#≈≈≈≈≈≈≈**
.....#........##@#*≈≈≈≈≈≈≈*
....###.......#ggg#≈≈≈≈≈≈≈*
...## ##......#§.§#≈≈≈≈≈≈≈*
###############...#≈≈≈≈≈≈≈*
≈≈≈≈≈≈≈≈≈≈≈≈≈≈#####≈≈≈≈≈≈≈*
≈≈≈≈≈≈≈≈≈≈≈≈≈≈≈≈≈≈≈≈≈≈≈≈≈≈*
≈≈≈≈≈≈≈≈≈≈≈≈≈≈≈≈≈≈≈≈≈≈≈≈≈≈*
≈≈≈.≈≈≈≈≈≈÷≈≈.≈≈..≈≈≈,,,≈≈*
.....................,,,,,*
....................K,,,,,*
#############.######*******


You could see 2 big kobolds, 3 gnolls, 2 hobgoblins and 2 goblins.

Vanquished Creatures
  The ghost of Enroth the Shield-Bearer, an amateur OpFi (D:3)
  An orc priest (D:3)
  Jessica (D:3)
  An orc wizard (D:3)
  2 gnolls (D:3)
  2 adders
  An ooze (D:2)
  3 worms
  A giant gecko (D:2)
  2 orcs (D:3)
  5 giant cockroaches
  28 goblins
  16 hobgoblins
  14 jackals
  2 quokkas
  8 bats
  4 giant newts
  10 kobolds
  9 rats
111 creatures vanquished.

Notes
Turn   | Place    | Note
--------------------------------------------------------------
     0 | D:1      | FIQ the Troll Monk began the quest for the Orb.
     0 | D:1      | Reached XP level 1. HP: 22/22 MP: 0/0
   201 | D:1      | Reached XP level 2. HP: 27/29 MP: 1/1
   505 | D:1      | Reached XP level 3. HP: 32/36 MP: 2/2
  1115 | D:2      | Found a shadowy altar of Dithmenos.
  1211 | D:2      | Reached skill level 5 in Unarmed Combat
  1211 | D:2      | Reached XP level 4. HP: 40/45 MP: 3/3
  1639 | D:3      | Gained mutation: You are occasionally teleported next to monsters. [potion of mutation]
  1639 | D:3      | Gained mutation: You have very sharp teeth. [potion of mutation]
  1639 | D:3      | Gained mutation: Your magical capacity is low (-10% MP). [potion of mutation]
  1662 | D:3      | Reached XP level 5. HP: 20/53 MP: 3/3
  1691 | D:3      | Noticed Jessica
  1697 | D:3      | Killed Jessica
  1759 | D:3      | Noticed Enroth's ghost (amateur OpFi)
  1765 | D:3      | Killed Enroth's ghost
  1765 | D:3      | Reached XP level 6. HP: 35/61 MP: 4/4
  1822 | D:3      | Reached skill level 6 in Unarmed Combat
  2261 | D:3      | Slain by a hobgoblin

Vault maps used:
D:1:      sevenhm_arrival_forest_fort_large_4, interstate_on_off
D:2:      nicolae_dithmenos_through_a_glass_darkly
D:3:      minmay_goblin_kobold_castle, uniq_jessica

Action                   |  1- 3 |  4- 6 || total
-------------------------+-------+-------++-------
Melee: Unarmed           |   134 |   127 ||   261
  Use: Scroll            |     7 |     3 ||    10
       Potion            |     1 |     2 ||     3
 Stab: Sleeping          |     4 |     3 ||     7
  Eat: Chunk             |    17 |     9 ||    26
